 Dungeon Crawl Stone Soup version 0.19.0-11-g3fc08b3 (webtiles) character file.

104 Ponchio the Magician (level 4, -1/24 HPs)
             Began as a Deep Elf Fire Elementalist on Nov 9, 2016.
             Killed from afar by an orc wizard (10 damage)
             ... with a puff of flame
             ... on level 3 of the Dungeon.
             The game lasted 00:17:51 (3027 turns).

Ponchio the Magician (Deep Elf Fire Elementalist)   Turns: 3027, Time: 00:17:52

Health: -1/24      AC:  3    Str:  5    XL:     4   Next: 52%
Magic:  12/13      EV: 13    Int: 21    God:
Gold:   147        SH:  0    Dex: 15    Spells: 2 memorised, 11 levels left

rFire  . . .     SeeInvis .     e - +0 dagger
rCold  . . .     Gourm    .     a - +1 robe
rNeg   . . .     Faith    .     (no shield)
rPois  .         Spirit   .     (no helmet)
rElec  .         Reflect  .     (no cloak)
rCorr  .         Harm     .     (no gloves)
MR     .....                    (no boots)
Stlth  +.........               (no amulet)
                                (no ring)
                                s - ring of wizardry

@: confused, hasted, very quick
A: no striking features
a: no special abilities


You were on level 3 of the Dungeon.
You were not hungry.

You visited 1 branch of the dungeon, and saw 3 of its levels.

You collected 147 gold pieces.

Inventory:

Hand Weapons
 e - a +0 dagger (weapon)
Armour
 a - a +1 robe (worn)
Jewellery
 s - a ring of wizardry (left hand)
Scrolls
 d - 2 scrolls of remove curse
 f - a scroll of enchant weapon
 g - a scroll of noise {unknown}
 j - a scroll of enchant armour
Potions
 h - 2 potions of flight
 i - a potion of haste
 k - a potion of might {unknown}
 l - 2 potions of brilliance {unknown}
 m - a potion of cure mutation {unknown}
 n - a potion of heal wounds {unknown}
 o - a potion of magic {unknown}
Books
 b - a book of Flames

   Spells                             Type                      Level
   a - Flame Tongue                   Conjuration/Fire             1
   b - Throw Flame                    Conjuration/Fire             2
   c - Conjure Flame                  Conjuration/Fire             3
   d - Inner Flame                    Hexes/Fire                   3
   e - Sticky Flame                   Conjuration/Fire             4
   f - Fireball                       Conjuration/Fire             5
Comestibles
 c - a bread ration
 p - a meat ration
 q - a beef jerky


   Skills:
 - Level 2.4 Dodging
 - Level 2.4 Stealth
 - Level 5.6 Spellcasting
 + Level 2.7 Conjurations
 - Level 3.3 Fire Magic


You had 11 spell levels left.
You knew the following spells:

 Your Spells              Type           Power        Failure   Level  Hunger
a - Flame Tongue          Conj/Fire      ###..        1%          1    None
b - Throw Flame           Conj/Fire      ###...       2%          2    None


Dungeon Overview and Level Annotations

Branches:
Dungeon (3/15)

Altars:
Kikubaaqudgha
Makhleb
Nemelex Xobeh

Annotations:
D:3 Sigmund


Message History

Press: ? - help, Shift-Dir - straight line, f/p - orc wizard
Aim: an orc wizard, wielding a dagger and wearing a robe (lightly wounded)
The flame tongue hits the orc wizard.
The orc wizard is lightly wounded.
The orc wizard casts a spell at you.
You are confused.
You're too confused to cast spells.
Unknown command.
Unknown command.
The orc wizard points at you and mumbles some strange words.
The puff of flame hits you!
You bump into the rock wall.
The orc wizard points at you and mumbles some strange words.
The magic dart hits you!
You bump into the rock wall.
The orc wizard hits you but does no damage.
It was a potion of haste.
You feel yourself speed up.
The orc wizard points at you and mumbles some strange words.
The puff of flame hits you!
You die...

............#
#.#
..###########
#.# ....# #.#
....# #)#
....# #.#
..### #.# ..#
#)# .## #.#
#@# #o# #.#
####.# #....#
#.#### #.#
#.# ...


You could see an orc wizard.

Vanquished Creatures
  An orc wizard (D:3)
  2 adders (D:2)
  A worm (D:2)
  A dart slug (D:2)
  A leopard gecko (D:3)
  3 orcs (D:3)
  8 goblins
  4 hobgoblins
  3 jackals (D:2)
  2 quokkas (D:2)
  7 bats
  3 frilled lizards
  7 kobolds
  5 rats
48 creatures vanquished.

Notes
Turn   | Place    | Note
-------+----------+-------------------------------------------
     0 | D:1      | Ponchio the Deep Elf Fire Elementalist began the quest for the Orb.
     0 | D:1      | Reached XP level 1. HP: 10/10 MP: 6/6
   450 | D:1      | Reached XP level 2. HP: 6/15 MP: 5/8
   619 | D:1      | Learned a level 2 spell: Throw Flame
   832 | D:1      | Reached skill level 4 in Spellcasting
  1115 | D:2      | Reached XP level 3. HP: 17/19 MP: 0/11
  1571 | D:2      | Found an ancient bone altar of Kikubaaqudgha.
  1621 | D:2      | Reached skill level 5 in Spellcasting
  1623 | D:2      | Found a sparkling altar of Nemelex Xobeh.
  2308 | D:3      | Found a burning altar of Makhleb.
  2410 | D:3      | Noticed Sigmund
  2520 | D:3      | Reached XP level 4. HP: 24/24 MP: 11/13
  3027 | D:3      | Killed from afar by an orc wizard

Skill      XL: |  1  2  3  4 |
---------------+-------------+-----
Spellcasting   | 4 5 |  5.6
Conjurations   | 2 |  2.7
Dodging        | |  2.4
Stealth        | |  2.4
Fire Magic     | |  3.3

Action                   |  1- 3 |  4- 6 || total
-------------------------+-------+-------++-------
Melee: Dagger            |    22 |       ||    22
 Cast: Flame Tongue      |    78 |     9 ||    87
       Throw Flame       |    18 |    12 ||    30
  Use: Scroll            |     8 |       ||     8
       Potion            |       |     1 ||     1
 Stab: Sleeping          |     1 |       ||     1
  Eat: Chunk             |     4 |     1 ||     5
       Fruit             |     1 |       ||     1
Armor: Robe              |     8 |     1 ||     9
Dodge: Dodged            |    40 |     5 ||    45
